 Dungeon Crawl Stone Soup version 0.29-a0-920-g5d2155ec51 (webtiles) character file.

Game seed: 13823091792308439746

42 Anamonty the Vexing (level 3, -3/24 HPs)
             Began as a Vampire Enchanter on July 27, 2022.
             Killed from afar by Sigmund (7 damage)
             ... with a puff of flame
             ... on level 2 of the Dungeon.
             The game lasted 00:02:03 (1384 turns).

Anamonty the Vexing (Vampire Enchanter)             Turns: 1384, Time: 00:02:04

Health: -3/24      AC:  3    Str:  7    XL:     3   Next: 35%
Magic:  3/6        EV: 12    Int: 19    God:
Gold:   75         SH:  0    Dex: 14    Spells: 1/6 levels left

rFire   . . .      SeeInvis +   a - +1 dagger
rCold   . . .      Faith    .   (no shield)
rNeg    . . .      Spirit   .   b - +0 robe
rPois   .          Reflect  .   (no helmet)
rElec   .          Harm     .   (no cloak)
rCorr   .          Rampage  .   (no gloves)
Will    .....                   j - +0 pair of boots
Stlth   +.........              (no amulet)
HPRegen 0.28/turn               (no ring)
MPRegen 0.10/turn               (no ring)

@: confused, healing quickly
A: alive, fangs 3, see invisible, vampiric 2
a: Exsanguinate


You were on level 2 of the Dungeon.
You visited 1 branch of the dungeon, and saw 2 of its levels.

You collected 75 gold pieces.

Inventory:

Hand Weapons
 a - a +1 dagger (weapon)
Armour
 b - a +0 robe (worn)
 j - a +0 pair of boots (worn)
Scrolls
 e - a scroll of identify {unknown}
 f - 2 scrolls of teleportation {unknown}
 g - a scroll of blinking {unknown}
 i - a scroll of noise {unknown}
Potions
 c - 2 potions of invisibility
 d - 2 potions of brilliance {unknown}
 h - 3 potions of curing {unknown}


   Skills:
 + Level 1.7 Short Blades
 + Level 2.6 Dodging
 + Level 4.9 Stealth
 + Level 2.3 Spellcasting
 * Level 5.1 Hexes


You had one spell level left.
You knew the following spells:

 Your Spells              Type           Power      Damage    Failure   Level
a - Ensorcelled Hibernat  Hex/Ice        24%        N/A       9%          2
b - Tukima's Dance        Hex            21%        N/A       6%          3

Your spell library contained the following spells:

 Spells                   Type           Power      Damage    Failure   Level
 Confusing Touch          Hex            21%        N/A       6%          3
 Dazzling Flash           Conj/Hex       24%        N/A       17%         3
 Gell's Gravitas          Tloc           2%         N/A       43%         3
 Teleport Other           Tloc           2%         N/A       43%         3
 Dispersal                Tloc           1%         N/A       100%        6


Dungeon Overview and Level Annotations

Branches:
Dungeon (2/15)

Altars:

Annotations:
D:2 Sigmund


Innate Abilities, Weirdness & Mutations

Your natural rate of healing is accelerated.
You have razor-sharp teeth.
You have supernaturally acute eyesight. (SInv)
You are afflicted with vampirism and can become a bat while bloodless.


Message History

Aiming: Ensorcelled Hibernation (safe; 9% risk of failure)
Press: ? - help, Shift-Dir - straight line, f - adder
Aim: an adder (wandering, hasn't noticed you, chance to affect: 53%)
The adder hisses angrily.
The adder looks drowsy...
The helpless adder fails to defend itself.
You puncture the adder!
You kill the adder!
You now have 75 gold pieces (gained 17).
Sigmund the Dreaded comes into view.
He is wielding a +0 scythe and carrying a wand of flame (23).
Sigmund is nearby!
Sigmund shouts!
A worm comes into view.
Casting: Ensorcelled Hibernation (safe; 9% risk of failure)
Confirm with . or Enter, or press ? or * to list all spells.
You don't know that spell.
Casting: Ensorcelled Hibernation (safe; 9% risk of failure)
Confirm with . or Enter, or press ? or * to list all spells.
The spell is quite dangerous to miscast (6% risk of failure)!
Continue anyway?
Aiming: Tukima's Dance (quite dangerous; 6% risk of failure)
Press: ? - help, Shift-Dir - straight line, f - Sigmund
Aim: Sigmund, wielding a +0 scythe, wearing a +0 robe and carrying a wand of flame (23) (chance to affect: 62%)
The +0 scythe dances into the air!
Sigmund casts a spell at you. The magic dart hits you!
Sigmund gestures at you while chanting.
You are confused.
Something hits Sigmund!
You're too confused to move!
Sigmund flickers, as though insubstantial.
Sigmund gestures at you while chanting. You resist with some effort.
Sigmund points at you and mumbles some strange words.
The magic dart hits you!
* * * LOW HITPOINT WARNING * * *
Sigmund's eyes start glowing with a red light.
Sigmund zaps a wand.
The puff of flame hits you.
* * * LOW HITPOINT WARNING * * *
Sigmund zaps a wand.
The puff of flame hits you!
You die...

. # ########### #
.........# ##
.##........... .#
...@.##?..##.# .#
..).......##.# ##.##
###..##...##.###...#####
##..###..@.............
... #####†###.).##### #.#
#.......##
########.#######..######
#......................#
##.####################.#
...# #.## #.#


You could see Sigmund.

Vanquished Creatures
  A gnoll (D:1)
  An adder (D:2)
  3 bats (D:1)
  An endoplasm (D:1)
  4 goblins
  5 hobgoblins (D:1)
  2 quokkas (D:1)
  A ball python (D:1)
  2 frilled lizards
  A kobold (D:1)
21 creatures vanquished.

Vanquished Creatures (others)
  A dancing weapon (D:2)
1 creature vanquished.

Grand Total: 22 creatures vanquished

Notes
Turn   | Place    | Note
-------+----------+-------------------------------------------
     0 | D:1      | Anamonty the Vampire Enchanter began the quest for the Orb.
     0 | D:1      | Reached XP level 1. HP: 13/13 MP: 3/3
   143 | D:1      | Reached XP level 2. HP: 16/19 MP: 5/5
   192 | D:1      | Learned a level 2 spell: Ensorcelled Hibernation
   493 | D:1      | Reached skill level 5 in Hexes
   493 | D:1      | Gained mutation: You are afflicted with vampirism and can
                  | become a bat while bloodless. [Vampire growth]
   493 | D:1      | Reached XP level 3. HP: 24/24 MP: 6/6
  1169 | D:2      | Learned a level 3 spell: Tukima's Dance
  1376 | D:2      | Noticed Sigmund
  1384 | D:2      | Killed from afar by Sigmund

Illustrated notes

Levels and vault maps discovered:
D:1:      erik_arrival_cave_to_civilisation [erik_arrival_cave_to_hall],
          layout_basic
D:2:      layout_loops_ring, uniq_natasha, uniq_sigmund

Skill      XL: |  1  2 |
---------------+-------+-----
Hexes          | 5 |  5.1
Short Blades   | |  1.7
Dodging        | |  2.6
Stealth        | |  4.9
Spellcasting   | |  2.3

Action                   || total
-------------------------++-------
Melee: Dagger            ||    48
       Bite              ||     1
 Cast: Ensorcelled Hiber ||     9
       Tukima's Dance    ||     1
 Stab: Sleeping          ||    11
Armor: Robe              ||     7
Dodge: Dodged            ||    27

Table legend: (Time is in decaauts)
 A = Elapsed time spent in this place.
 B = Non-inter-level travel time spent in this place.
 C = Inter-level travel time spent in this place.
 D = Time resting spent in this place.
 E = Time spent auto-exploring this place.
 F = Levels seen in this place.
 G = Mean time per level.
                   A        B        C        D        E       F      G
               +--------+--------+--------+--------+--------+-----+--------+
         Total |   1380 |   1354 |     26 |      0 |   1152 |   2 |  690.0 |
       Dungeon |   1380 |   1354 |     26 |      0 |   1152 |   2 |  690.0 |
               +--------+--------+--------+--------+--------+-----+--------+

Top non-repeatable levels by time:
     D:1: 1161 daAuts
     D:2: 219 daAuts
